 Dungeon Crawl Stone Soup version 0.29.1-2-gbd0b4ee654 (webtiles) character file.

Game seed: 4040801994402348931

218 SolCadguy the Shield-Bearer (level 5, -2/43 HPs)
             Began as a Palentonga Fighter on Oct 30, 2022.
             Slain by an ogre
             ... wielding a +0 giant club
              (17 damage)
             ... on level 4 of the Dungeon.
             The game lasted 00:07:25 (3259 turns).

SolCadguy the Shield-Bearer (Palentonga Fighter)    Turns: 3259, Time: 00:07:25

Health: -2/43      AC: 12    Str: 23    XL:     5   Next: 63%
Magic:  5/5        EV:  5    Int:  9    God:
Gold:   173        SH:  4    Dex:  9    Spells: 4/4 levels left

rFire   . . .      SeeInvis +   a - +1 war axe
rCold   . . .      Faith    .   c - +0 buckler
rNeg    . . .      Spirit   .   b - +0 scale mail
rPois   .          Reflect  .   (no helmet)
rElec   .          Harm     .   (no cloak)
rCorr   .          Rampage  .   h - +0 pair of gloves
Will    .....                   g - +0 barding
Stlth   ..........              (no amulet)
HPRegen 0.14/turn               (no ring)
MPRegen 0.09/turn               (no ring)

@: no status effects
A: large, rugged brown scales 3, see invisible, deformed body, roll 1, armoured
tail
a: Rolling Charge


You were on level 4 of the Dungeon.
You visited 1 branch of the dungeon, and saw 4 of its levels.

You collected 173 gold pieces.

Inventory:

Hand Weapons
 a - a +1 war axe (weapon)
Missiles
 j - 27 stones
Armour
 b - a +0 scale mail (worn)
 c - a +0 buckler (worn)
 g - a +0 barding (worn)
 h - a +0 pair of gloves (worn)
 t - a +0 kite shield
Scrolls
 e - a scroll of torment {unknown}
 i - a scroll of noise
 l - a scroll of teleportation {unknown}
 m - a scroll of blinking {unknown}
 v - a scroll of fear {unknown}
 w - a scroll of vulnerability {unknown}
 x - a scroll of brand weapon {unknown}
 y - a scroll of amnesia {unknown}
 z - a scroll of enchant weapon
 B - a scroll of immolation {unknown}
Potions
 d - a potion of might
 f - 2 potions of brilliance
 k - a potion of flight
 n - 5 potions of heal wounds
 o - 3 potions of curing
 p - a potion of attraction
 q - a potion of mutation
 r - a potion of lignification {unknown}
 s - a potion of cancellation {unknown}
 u - a potion of degeneration {unknown}
 A - a potion of haste {unknown}


   Skills:
 - Level 3.0 Fighting
 + Level 3.7 Axes
 - Level 2.4 Armour
 - Level 5.0 Shields


You had 4 spell levels left.
You didn't know any spells.
Your spell library contained the following spells:

 Spells                   Type           Power      Damage    Failure   Level
 Ozocubu's Armour         Ice            0%         N/A       98%         3
 Metabolic Englaciation   Hex/Ice        0%         N/A       100%        5
 Simulacrum               Ice/Necr       0%         N/A       100%        6


Dungeon Overview and Level Annotations

Branches:
Dungeon (4/15)
 Temple: D:4-7

Altars:
Elyvilon
Nemelex Xobeh


Innate Abilities, Weirdness & Mutations

You are completely covered in rugged brown scales. (AC +3, +7% HP)
You have supernaturally acute eyesight. (SInv)
Armour fits poorly on your strangely shaped body.
You can roll at nearby foes to attack.
You have a long armoured tail.


Message History

The hobgoblin shouts!
The endoplasm freezes you.
You are frozen.
You slash the endoplasm!
You kill the endoplasm!
You barely miss the hobgoblin. You tail-slap the hobgoblin.
You kill the hobgoblin!
No target in view!
You start resting.
HP restored.
Found an escape hatch in the ceiling.
A - a silvery potion You open the door.
There is an open door here.
A ball python comes into view.
The ball python hisses angrily.
A ball python is nearby!
Okay, then.
Roll where?
Press: ? - help, Dir - move target, f - ball python
Aim: a ball python You roll forward with a clatter of scales!
Found a scroll labelled LYIBYPAYMN.
You barely miss the ball python. You tail-slap the ball python.
You kill the ball python!
You see here a ball python corpse.
B - a scroll labelled LYIBYPAYMN
Found a ring mail.
No target in view!
An ogre comes into view. It is wielding a +0 giant club.
Found a potion of heal wounds.
The ogre shouts!
The ogre hits you with a +0 giant club!
You hit the ogre.
The ogre is lightly wounded.
The ogre hits you with a +0 giant club!
You hit the ogre.
The ogre is lightly wounded.
The ogre hits you with a +0 giant club!
You die...

#.........#.#
#.#########.#
#.# #.# #.# #..
#.# ### #.# #.#
##.############
#......@O..!...
###############


You could see an ogre.

Vanquished Creatures
  Jessica (D:2)
  An orc wizard (D:3)
  7 adders
  An ufetubus (D:4)
  2 worms
  2 dart slugs (D:1)
  7 orcs
  7 bats
  11 endoplasms
  A giant cockroach (D:4)
  9 goblins
  10 hobgoblins
  2 jackals (D:2)
  6 kobolds
  6 ball pythons
  2 frilled lizards
  9 rats
84 creatures vanquished.

Notes
Turn   | Place    | Note
-------+----------+-------------------------------------------
     0 | D:1      | SolCadguy the Palentonga Fighter began the quest for the
                  | Orb.
     0 | D:1      | Reached XP level 1. HP: 19/19 MP: 1/1
   115 | D:1      | Reached skill level 3 in Shields
   121 | D:1      | Reached XP level 2. HP: 24/25 MP: 2/2
   744 | D:1      | Reached XP level 3. HP: 31/31 MP: 3/3
   950 | D:2      | Reached skill level 4 in Shields
  1346 | D:2      | Identified the +1 robe "Kaozer" {rF++ Str+3}
  1460 | D:2      | Noticed Jessica
  1472 | D:2      | Reached XP level 4. HP: 26/37 MP: 4/4
  1472 | D:2      | Killed Jessica
  1615 | D:2      | Found a sparkling altar of Nemelex Xobeh.
  2117 | D:3      | Reached skill level 5 in Shields
  2123 | D:3      | Found a faded altar of an unknown god.
  2409 | D:3      | Reached XP level 5. HP: 36/43 MP: 5/5
  2938 | D:3      | Found a white marble altar of Elyvilon.
  3254 | D:4      | Noticed an ogre
  3259 | D:4      | Slain by an ogre

Illustrated notes

Levels and vault maps discovered:
D:1:      dpeg_arrival_simpleton_a, layout_loops_cross,
          wander_ebering_terrifying_dragon_lair
D:2:      layout_loops_ring, basic_altar, grunt_ministairs_11,
          minmay_misc_feat_roman, dk_vineyard_1, corexii_hall_statues_l,
          uniq_jessica
D:3:      layout_rooms, mainiacjoe_overflow_small_starburst,
          hellmonk_ecumenical_altar_zigzags, minmay_goblin_outpost
D:4:      layout_basic

Skill      XL: |  1  2  3  4  5 |
---------------+----------------+-----
Shields        | 3 4 5 |  5.0
Axes           | 3 |  3.7
Fighting       | |  3.0
Armour         | |  2.4

Action                   |  1- 3 |  4- 6 || total
-------------------------+-------+-------++-------
Melee: War axe           |   105 |   120 ||   225
       Tailslap          |     7 |     9 ||    16
 Abil: Rolling Charge    |    30 |    18 ||    48
  Use: Scroll            |       |     7 ||     7
       Potion            |       |     1 ||     1
Armor: Scale mail        |    61 |   108 ||   169
Dodge: Dodged            |    26 |    38 ||    64
Block: Buckler           |    18 |    44 ||    62
